 Dungeon Crawl Stone Soup version 0.27-a0-795-ge5c3fa52fd (webtiles) character file.

Game seed: 7955025314632577428

9 EnegeticOcto the Magician (level 2, -5/22 HPs)
             Began as a Djinni Conjurer on Mar 27, 2021.
             Slain by Terence
             ... wielding a +0 morningstar
              (7 damage)
             ... on level 2 of the Dungeon.
             The game lasted 00:01:03 (166 turns).

EnegeticOcto the Magician (Djinni Conjurer)          Turns: 166, Time: 00:01:04

Health: -5/22      AC:  2    Str:  6    XL:     2   Next: 16%
Gold:   16         EV: 12    Int: 19    God:
                   SH:  0    Dex: 11

rFire    + + .     SeeInvis .   b - +0 short sword
rCold    x . .     Faith    .   (no shield)
rNeg     . . .     Spirit   .   a - +0 robe
rPois    ∞         Reflect  .   (no helmet)
rElec    .         Harm     .   (no cloak)
rCorr    .         Rampage  .   (no gloves)
Will     .....                  (boots unavailable)
Stlth    ++........             (no amulet)
HPRegen  0.07/turn              (no ring)
MPRegen  0.00/turn              (no ring)

@: flying
A: fire resistance 2, cold vulnerability 1, float, innate caster, hp casting,
extra vitality 1
a: no special abilities


You were on level 2 of the Dungeon.
You visited 1 branch of the dungeon, and saw 2 of its levels.

You collected 16 gold pieces.

Inventory:

Hand Weapons
 b - a +0 short sword (weapon)
   (You found it on level 1 of the Dungeon)
Armour
 a - a +0 robe (worn)
Scrolls
 c - a scroll of teleportation {@r3 !r}
 d - a scroll of summoning {unknown}


   Skills:
 + Level 1.1 Fighting
 - Level 2.1 Dodging
 - Level 1.5 Stealth
 + Level 3.8 Spellcasting


You couldn't memorise any spells.
You knew the following spells:

 Your Spells              Type           Power      Damage    Failure   Level
a - Magic Dart            Conj           72%        1d6       3%          1
b - Searing Ray           Conj           36%        3d4       4%          2
c - Dazzling Flash        Conj/Hex       36%        N/A       9%          3
d - Fulminant Prism       Conj/Hex       9%         3d7       28%         4
e - Iskenderun's Mystic   Conj/Tloc      18%        2d6       28%         4
Your spell library was empty.

Dungeon Overview and Level Annotations

Branches:
Dungeon (2/15)

Altars:
Qazlal

Annotations:
D:2 Sigmund, Terence


Innate Abilities, Weirdness & Mutations

You are immune to poison.
Your flesh is very heat resistant. (rF++)
You are vulnerable to cold. (rC-)
You float through the air rather than walking.
You learn spells naturally, not from books.
Your magical power is your life essence.
You have superior vitality. (+4 HP)


Message History

There is a stone staircase leading down here.
You fly downwards.
Terence the Incautious comes into view.
He is wielding a +0 morningstar.
There is a stone staircase leading up here.
Terence shouts!
Terence hits you with a +0 morningstar.
Found a dagger.
An adder comes into view.
The adder hisses angrily.
Found a scroll labelled ORECHUMOON.
Cast which spell? (? or * to list)
Aiming: Magic Dart (safe; 3% risk of failure)
Press: ? - help, Shift-Dir - straight line, f - adder
Aim: an adder (0% to evade)
The magic dart hits the adder.
The adder is heavily wounded.
The adder barely misses you. The adder bites you but does no damage.
Casting: Magic Dart (safe; 3% risk of failure)
Confirm with . or Enter, or press ? or * to list all spells.
Aiming: Magic Dart (safe; 3% risk of failure)
Press: ? - help, Shift-Dir - straight line, f/p - adder
Aim: an adder (heavily wounded, 0% to evade)
The magic dart hits the adder.
The adder is heavily wounded.
The adder bites you but does no damage.
Casting: Magic Dart (safe; 3% risk of failure)
Confirm with . or Enter, or press ? or * to list all spells.
Aiming: Magic Dart (safe; 3% risk of failure)
Press: ? - help, Shift-Dir - straight line, f/p - adder
Aim: an adder (heavily wounded, 0% to evade)
The magic dart hits the adder.
The adder is almost dead.
The adder bites you.
Casting: Magic Dart (safe; 3% risk of failure)
Confirm with . or Enter, or press ? or * to list all spells.
Aiming: Magic Dart (safe; 3% risk of failure)
Press: ? - help, Shift-Dir - straight line, f/p - adder
Aim: an adder (almost dead, 0% to evade)
The magic dart hits the adder.
You kill the adder!
Terence shouts, "ATTACK!!!"
Your Fighting skill increases to level 1!
You have reached level 2!
Terence misses you.
You see here a scroll labelled ORECHUMOON.
As you read the scroll labelled ORECHUMOON, it crumbles to dust.
You feel strangely unstable.
It was a scroll of teleportation.
Your surroundings seem slightly different.
Terence screams, "I want your blood!"
A ball python and a kobold come into view.
The kobold shouts!
The ball python hisses angrily.
You hear a shout!
A bat comes into view.
The kobold throws a stone.
The stone barely misses you. The kobold hits you but does no damage.
Sigmund the Dreaded comes into view.
He is wielding a +0 scythe.
Sigmund shouts!
The bat hits you but does no damage. Sigmund barely misses you.
The ball python barely misses you. The ball python closely misses you.
The bat closely misses you. The ball python misses you.
The ball python barely misses you. Sigmund casts a spell at you.
The puff of flame hits you. You resist.
* * * LOW HITPOINT WARNING * * *
The kobold throws a stone.
The stone hits you.
* * * LOW HITPOINT WARNING * * *
The bat hits you but does no damage. Sigmund misses you.
Found a stormy altar of Qazlal.
An orc comes into view. It is wielding a +0 dagger.
Found 14 gold pieces.
Found a fuming purple potion.
The orc shouts!
The bat hits you.
* * * LOW HITPOINT WARNING * * *
The ball python misses you. The ball python barely misses you.
Sigmund gestures at himself while chanting.
Sigmund flickers and vanishes!
Deactivating autopickup; reactivate with Ctrl-A.
The bat barely misses you. The bat closely misses you.
Found 22 stones.
The bat hits you but does no damage.
Found a stone staircase leading down.
The bat barely misses you. The bat hits you.
* * * LOW HITPOINT WARNING * * *
The ball python closely misses you. The ball python grabs you.
* * * LOW HITPOINT WARNING * * *
The ball python constricts you.
Terence says, "Don't bother to defend, it's pointless."
The bat hits you but does no damage.
The ball python bites you but does no damage.
The ball python constricts you.
The ball python's grasp on you weakens, but your attempt to escape fails.
The bat closely misses you.
A goblin comes into view. It is wielding a +0 dagger.
Terence barely misses you. The ball python closely misses you.
The ball python constricts you.
Unknown command.
You escape the ball python's grasp.
Terence hits you with a +0 morningstar!
You die...

...###..#
........##...## ..#
.#.##...##..... ..
.#.#....###....###.#
.#...##.#..........## ##
.#..##..#...........#..#
##..#..##.........!.....
#..#.###.....$.....#
#......#..###..@###
#.........#E#K@b#E#
##......#..###.So####
........#...{.......#
..............._....#
....................#
..........g###...###...
..####..##.#E#...#E###>
.. ##.#..###...### .


You could see an earth elemental, a water elemental, a fire elemental, an air
elemental, Terence, an orc, a goblin, a bat, a ball python and a kobold.

Vanquished Creatures
  An adder (D:2)
1 creature vanquished.

Notes
Turn   | Place    | Note
-------+----------+-------------------------------------------
     0 | D:1      | EnegeticOcto the Djinni Conjurer began the quest for the
                  | Orb.
     0 | D:1      | Reached XP level 1. HP: 15/15 MP: 0/0
   100 | D:2      | Noticed Terence
   124 | D:2      | Reached skill level 1 in Fighting
   124 | D:2      | Reached XP level 2. HP: 7/22 MP: 0/0
   151 | D:2      | Noticed Sigmund
   155 | D:2      | Found a stormy altar of Qazlal.
   157 | D:2      | Noticed a fire elemental
   157 | D:2      | Noticed an earth elemental
   158 | D:2      | Noticed a water elemental
   158 | D:2      | Noticed an air elemental
   166 | D:2      | Slain by Terence

Illustrated notes

Levels and vault maps discovered:
D:1:      lightli_arrival_quake, layout_basic
D:2:      layout_rooms, nicolae_qazlal_style_of_elements,
          kennysheep_okawaru_gauntlet, uniq_terence, uniq_sigmund

Skill      XL: |  1 |
---------------+----+-----
Fighting       | 1 |  1.1
Dodging        | |  2.1
Stealth        | |  1.5
Spellcasting   | |  3.8

Action                   || total
-------------------------++-------
 Cast: Magic Dart        ||     4
  Use: Scroll            ||     1
Armor: Robe              ||     8
Dodge: Dodged            ||    19

Table legend: (Time is in decaauts)
 A = Elapsed time spent in this place.
 B = Non-inter-level travel time spent in this place.
 C = Inter-level travel time spent in this place.
 D = Time resting spent in this place.
 E = Time spent auto-exploring this place.
 F = Levels seen in this place.
 G = Mean time per level.
                   A        B        C        D        E       F      G
               +--------+--------+--------+--------+--------+-----+--------+
         Total |    165 |    165 |      0 |      0 |      0 |   2 |   82.5 |
       Dungeon |    165 |    165 |      0 |      0 |      0 |   2 |   82.5 |
               +--------+--------+--------+--------+--------+-----+--------+

Top non-repeatable levels by time:
     D:1: 99 daAuts
     D:2: 65 daAuts
